 Dungeon Crawl Stone Soup version 0.20.1-1-g8b1a95d (webtiles) character file.

266 manon the Cudgeler (level 6, 0/37 HPs)
             Began as a Gargoyle Fighter on Sept 9, 2017.
             Slain by an ogre
             ... wielding a +0 giant club
              (24 damage)
             ... on level 4 of the Dungeon.
             The game lasted 00:11:09 (2303 turns).

manon the Cudgeler (Gargoyle Fighter)               Turns: 2303, Time: 00:11:09

Health: 0/37       AC: 12    Str: 21    XL:     6   Next: 20%
Magic:  6/6        EV:  7    Int:  9    God:
Gold:   137        SH:  9    Dex:  9    Spells: 5/5 levels left

rFire    . . .     SeeInvis .   a - +0 flail
rCold    . . .     Gourm    .   c - +0 shield
rNeg     + . .     Faith    .   b - +0 scale mail
rPois    ∞         Spirit   .   (no helmet)
rElec    +         Reflect  .   (no cloak)
rCorr    .         Harm     .   (no gloves)
MR       .....                  s - +0 pair of boots
Stlth    ..........             (no amulet)
Regen    0.2/turn               (no ring)
MPRegen  0.1/turn               (no ring)

@: no status effects
A: negative energy resistance 1, electricity resistance, unbreathing,
petrification resistance, rot immunity, AC +4
a: no special abilities


You were on level 4 of the Dungeon.
You were not hungry.

You visited 1 branch of the dungeon, and saw 4 of its levels.

You collected 137 gold pieces.

Inventory:

Hand Weapons
 a - a +0 flail (weapon)
 d - a cursed +0 morningstar
 g - a +2 whip of holy wrath
Missiles
 w - 13 bolts
Armour
 b - a +0 scale mail (worn)
 c - a +0 shield (worn)
 s - a +0 pair of boots (worn)
Jewellery
 l - a cursed ring of loudness {unknown}
Scrolls
 e - a scroll of remove curse {unknown}
 i - 2 scrolls of teleportation {unknown}
 p - 3 scrolls of amnesia {unknown}
 r - a scroll of magic mapping {unknown}
 t - a scroll of enchant armour {unknown}
 u - a scroll of noise {unknown}
 v - a scroll of identify {unknown}
Potions
 h - a potion of curing {unknown}
 j - 2 potions of lignification {unknown}
 n - a potion of ambrosia {unknown}
 q - 2 potions of resistance {unknown}
Comestibles
 f - a bread ration
 k - a fruit
 m - 3 royal jellies
 o - 2 meat rations
 x - 3 chunks of flesh


   Skills:
 - Level 3.2 Fighting
 + Level 6.3 Maces & Flails
 - Level 3.2 Armour
 - Level 3.2 Shields


You had 5 spell levels left.
You didn't know any spells.

Dungeon Overview and Level Annotations

Branches:
Dungeon (4/15)
 Temple: D:4-7

Altars:
Cheibriados
Elyvilon
Gozag
Vehumet
Yredelemnul
The Shining One
Jiyva

Shops:
D:3 *

Annotations:
D:4 damerell's ghost, amateur BaSu


Innate Abilities, Weirdness & Mutations

You are resistant to torment.
Your stone body is resilient. (AC +4)
You are immune to poison.
You resist negative energy. (rN+)
You are resistant to electric shocks. (rElec)
You can survive without breathing.
You are immune to petrification.
You are immune to rotting.


Message History

The worker ant closely misses you. The worker ant barely misses you.
You sock the worker ant!
You kill the worker ant!
You hit the ogre but do no damage. The ogre hits you but does no damage.
Your shield and scale mail prevent you from hitting the ogre.
The ogre closely misses you.
You hit the ogre.
The ogre is lightly wounded.
The ogre hits you with a giant club.
You hit the ogre but do no damage.
The ogre is lightly wounded.
The ogre closely misses you.
You hit the ogre.
The ogre is moderately wounded.
The ogre hits you with a giant club.
Your shield prevents you from hitting the ogre.
The ogre is moderately wounded.
The ogre hits you with a giant club!!
Ouch! That really hurt!
You die...

.. .. ... ..
#.###. ### ...#.
#.. .... #.#
#..###.# #...##.#
#....#.####.##
.....###.O@....(..
... #..#.####.#. #
##.### #.. ..# ###


You could see an ogre.

Vanquished Creatures
  3 wights (D:3)
  A worker ant (D:4)
  5 adders
  3 dart slugs
  2 leopard geckos
  An orc (D:3)
  5 bats
  7 giant cockroaches
  8 goblins
  11 hobgoblins
  4 jackals (D:1)
  5 kobolds
  A ball python (D:1)
  2 frilled lizards (D:1)
  10 rats
68 creatures vanquished.

Notes
Turn   | Place    | Note
-------+----------+-------------------------------------------
     0 | D:1      | manon the Gargoyle Fighter began the quest for the Orb.
     0 | D:1      | Reached XP level 1. HP: 14/14 MP: 1/1
    81 | D:1      | Reached XP level 2. HP: 19/19 MP: 2/2
    82 | D:1      | Found a viscous altar of Jiyva.
   158 | D:1      | Reached skill level 3 in Maces & Flails
   313 | D:1      | Reached XP level 3. HP: 21/23 MP: 3/3
   723 | D:2      | Found a radiant altar of Vehumet.
   723 | D:2      | Found a snail-covered altar of Cheibriados.
   728 | D:2      | Found a glowing golden altar of the Shining One.
   730 | D:2      | Found a white marble altar of Elyvilon.
   731 | D:2      | Found a basalt altar of Yredelemnul.
   769 | D:2      | Reached skill level 4 in Maces & Flails
   806 | D:2      | Reached XP level 4. HP: 27/28 MP: 4/4
  1501 | D:3      | Found Gozag's Platinum Reserve.
  1507 | D:3      | Found an opulent altar of Gozag.
  1781 | D:3      | Reached skill level 5 in Maces & Flails
  1865 | D:3      | Reached XP level 5. HP: 32/32 MP: 5/5
  1965 | D:3      | Reached skill level 6 in Maces & Flails
  1965 | D:3      | Reached XP level 6. HP: 13/37 MP: 6/6
  2195 | D:4      | Noticed damerell's ghost (amateur BaSu)
  2303 | D:4      | Slain by an ogre

Skill      XL: |  1  2  3  4  5 |
---------------+----------------+-----
Maces & Flails | 3 4 5 6 |  6.3
Fighting       | |  3.2
Armour         | |  3.2
Shields        | |  3.2

Action                   |  1- 3 |  4- 6 || total
-------------------------+-------+-------++-------
Melee: Flail             |   123 |   158 ||   281
  Use: Potion            |       |     1 ||     1
  Eat: Chunk             |       |     4 ||     4
       Fruit             |       |     1 ||     1
Armor: Scale mail        |    56 |    83 ||   139
Dodge: Dodged            |    51 |    45 ||    96
Block: Shield            |    48 |    62 ||   110
